 Dungeon Crawl Stone Soup version 0.16.0 (webtiles) character file.

1818 Fiveotanaka the Basher (level 9, 0/84 HPs)
             Began as an Ogre Berserker on Mar 20, 2015.
             Was a High Priest of Trog.
             Slain by an orc warrior
             ... wielding a +0 halberd
              (14 damage)
             ... on level 7 of the Dungeon.
             The game lasted 00:14:06 (6228 turns).

Fiveotanaka the Basher (Ogre Berserker)             Turns: 6228, Time: 00:14:06

Health: 0/84       AC:  4    Str: 24    XL:     9   Next: 10%
Magic:  9/9        EV: 10    Int:  6    God:    Trog [*****.]
Gold:   419        SH:  0    Dex: 15    Spells: 0 memorised, 8 levels left

rFire  + . .     SeeInvis .     K - +0 flail (holy)
rCold  . . .     Clarity  .     b - +0 animal skin
rNeg   . . .     SustAb   .     (shield restricted)
rPois  .         Gourm    .     (helmet restricted)
rElec  .         Spirit   .     l - +0 cloak
rCorr  .         Warding  .     (gloves unavailable)
rMut   .         Stasis   .     (boots unavailable)
MR     .....                    (no amulet)
Stlth  +.........               F - +3 ring of dexterity
                                H - ring "Graymait" {+Fly rF+}

@: not resistant to hostile enchantments, very unstealthy
A: unfitting armour, tough skin 1
a: Burn Spellbooks, Berserk, Trog's Hand, Brothers in Arms, Renounce Religion,
Evoke Flight


You were on level 7 of the Dungeon.
You worshipped Trog.
Trog was extremely pleased with you.
You were not hungry.

You visited 1 branch of the dungeon, and saw 7 of its levels.
You also visited: Sewer.

You collected 419 gold pieces.

Inventory:

Hand weapons
 K - a +0 flail of holy wrath (weapon)
Missiles
 a - 298 stones (quivered)
 G - a throwing net
 M - 26 poisoned needles
Armour
 b - a +0 animal skin (worn)
 l - a +0 cloak (worn)
Jewellery
 j - an uncursed ring of protection from fire
 B - an uncursed ring of see invisible
 F - a +3 ring of dexterity (right hand)
 H - the ring "Graymait" (left hand) {+Fly rF+}
   (You found it on level 6 of the Dungeon)

   [ring of flight]

   It protects you from fire.
   It lets you fly.
Magical devices
 h - a wand of digging (14)
 E - a wand of draining (5)
 I - a wand of draining (4)
 L - a wand of cold (4)
Scrolls
 d - 2 scrolls of identify
 f - 3 scrolls of enchant armour
 k - a scroll of amnesia {unknown}
 m - 3 scrolls of teleportation
 n - 2 scrolls of enchant weapon {unknown}
 o - 4 scrolls of remove curse {unknown}
 p - a scroll of recharging {unknown}
 q - a scroll of random uselessness {unknown}
 s - 5 scrolls of fear {unknown}
 t - 3 scrolls of magic mapping {unknown}
Potions
 g - 7 potions of curing {unknown}
 i - 2 potions of restore abilities {unknown}
 r - 3 potions of heal wounds {unknown}
 u - 3 potions of magic {unknown}
 v - 2 potions of brilliance {unknown}
 w - 2 potions of might {unknown}
 z - a potion of mutation {unknown}
 C - 4 potions of poison {unknown}
 J - a potion of ambrosia {unknown}
Books
 y - a book of Conjurations

   Spells                             Type                      Level
   a - Magic Dart                     Conjuration                  1
   b - Searing Ray                    Conjuration                  2
   c - Dazzling Spray                 Conjuration/Hexes            3
   d - Fulminant Prism                Conjuration/Hexes            4
   e - Iskenderun's Mystic Blast      Conjuration                  4
   f - Iskenderun's Battlesphere      Conjuration/Charms           5
   Trog disapproves of the use of such an item.
Comestibles
 c - 2 meat rations
 x - 5 bread rations
 A - 2 slices of pizza
 D - 2 beef jerkies


   Skills:
 - Level 4.0 Fighting
 + Level 14.6 Maces & Flails
 - Level 1.5 Armour
 - Level 1.7 Dodging


You had 8 spell levels left.
You didn't know any spells.

Dungeon Overview and Level Annotations

Branches:
Dungeon (7/15)             Temple (0/1) D:7

Altars:
Fedhas
Kikubaaqudgha
Makhleb
Okawaru
Qazlal
Sif Muna
Trog
Vehumet
Xom
Yredelemnul
Zin

Shops:
D:6 %


Innate Abilities, Weirdness & Mutations

You are too large for most types of armour.
You have tough skin (AC +1).


Message History

You kill the orc!
Trog accepts your kill.
An orc warrior comes into view. It is wielding a halberd.
Items here: ))) [ a club; a chain mail; a flail; a hand axe
Things that are here:
a flail of protection; a scroll labeled JUAD LAHADYAJI; a ball python corpse You barely miss the orc warrior.
The orc warrior hits you with a halberd!!
You barely miss the orc warrior. You hit the orc warrior!
The orc warrior is moderately wounded.
The orc warrior hits you with a halberd!!
* * * LOW HITPOINT WARNING * * *
You hit the orc warrior but do no damage.
The orc warrior is moderately wounded.
You completely miss the orc warrior.
The orc warrior is moderately wounded.
The orc warrior hits you with a halberd!
You die...

....# # ....#### ..
.......# .# .......#### .#
.......#.. .# ####...#.#
.# #...#.# .# ##....# #
#####.# #....#.# #..@o.#
#####....#.# #.###########
.........#.###...........#
............(....>######.#
.....#......#.)##........#
####.#.#.##.#...#.########
##........#...#.#.#
##..<....######.#.#
##..###+### .#.#


You could see an orc warrior.

Vanquished Creatures
  2 ice beasts
  An orc warrior (D:6)
  A centaur (D:5)
  An ogre (D:7)
  2 giant frogs (Sewer)
  3 scorpions
  2 crimson imps
  2 goliath beetles
  3 orc priests
  8 worker ants
  2 hounds
  An iguana (D:4)
  A giant frog skeleton (D:4)
  2 orc wizards
  A hound skeleton (D:4)
  A worker ant zombie (D:6)
  Robin (D:2)
  17 adders
  4 gnolls
  7 river rats (Sewer)
  6 worms
  2 giant mites (D:3)
  An adder skeleton (D:4)
  4 oozes
  12 orcs
  11 ball pythons
  A bat skeleton (D:5)
  27 goblins
  14 hobgoblins
  8 jackals
  5 quokkas
  A ball python skeleton (D:5)
  9 bats
  8 giant cockroaches
  3 giant geckos
  2 giant newts (Sewer)
  13 kobolds
  32 rats
  A fungus (D:2)
222 creatures vanquished.

Notes
Turn   | Place    | Note
--------------------------------------------------------------
     0 | D:1      | Fiveotanaka, the Ogre Berserker, began the quest for the Orb.
     0 | D:1      | Reached XP level 1. HP: 24/24 MP: 1/1
   160 | D:1      | Reached skill level 5 in Maces & Flails
   160 | D:1      | Reached XP level 2. HP: 32/32 MP: 2/2
   438 | D:1      | Reached XP level 3. HP: 39/39 MP: 3/3
   515 | D:1      | Acquired Trog's second power
   946 | D:2      | Reached skill level 6 in Maces & Flails
   995 | D:2      | Reached XP level 4. HP: 32/48 MP: 4/4
  1033 | D:2      | Noticed Robin
  1039 | D:2      | Killed Robin
  1162 | D:2      | Noticed a moth of wrath
  1164 | D:2      | Found a bloodstained altar of Trog.
  1222 | D:2      | Reached skill level 7 in Maces & Flails
  1648 | D:3      | Reached XP level 5. HP: 50/54 MP: 5/5
  1817 | D:3      | Found a shimmering altar of Xom.
  1825 | D:3      | Found an ancient bone altar of Kikubaaqudgha.
  1825 | D:3      | Found a radiant altar of Vehumet.
  1826 | D:3      | Found an iron altar of Okawaru.
  1826 | D:3      | Found a basalt altar of Yredelemnul.
  1832 | D:3      | Reached skill level 8 in Maces & Flails
  1848 | D:3      | Found a glowing drain.
  1875 | Sewer    | Entered a sewer
  1914 | Sewer    | Acquired Trog's third power
  2034 | Sewer    | Reached XP level 6. HP: 48/62 MP: 6/6
  2193 | Sewer    | Reached skill level 9 in Maces & Flails
  2459 | Sewer    | Reached skill level 10 in Maces & Flails
  2459 | Sewer    | Reached XP level 7. HP: 15/70 MP: 7/7
  3603 | D:4      | Received a gift from Trog
  3684 | D:4      | Reached skill level 11 in Maces & Flails
  4445 | D:5      | Entered Level 5 of the Dungeon
  4504 | D:5      | Reached skill level 12 in Maces & Flails
  4504 | D:5      | Reached XP level 8. HP: 62/78 MP: 8/8
  4512 | D:5      | Found a burning altar of Makhleb.
  4514 | D:5      | Found a glowing silver altar of Zin.
  4514 | D:5      | Noticed an angel
  4514 | D:5      | Noticed a balrug
  5205 | D:6      | Found a blossoming altar of Fedhas.
  5207 | D:6      | Found a stormy altar of Qazlal.
  5251 | D:6      | Reached skill level 13 in Maces & Flails
  5259 | D:6      | Found Mimu's Food Boutique.
  5633 | D:6      | Found a deep blue altar of Sif Muna.
  5638 | D:6      | Got a warped bronze ring
  5640 | D:6      | Identified the ring "Graymait" {+Fly rF+} (You found it on level 6 of the Dungeon)
  5827 | D:7      | Reached skill level 14 in Maces & Flails
  6016 | D:7      | Found a staircase to the Ecumenical Temple.
  6037 | D:7      | Reached XP level 9. HP: 84/84 MP: 9/9
  6228 | D:7      | Slain by an orc warrior

Action                   |  1- 3 |  4- 6 |  7- 9 || total
-------------------------+-------+-------+-------++-------
Melee: Mace              |     9 |       |       ||     9
       Flail             |    79 |   177 |   301 ||   557
Invok: Berserk           |     1 |     3 |       ||     4
  Use: Scroll            |       |     1 |     1 ||     2
  Eat: Chunk             |     1 |     7 |    13 ||    21
